[Event "13th Poti Nana Aleksandria Cup"]
[Site "Poti"]
[Date "2018.07.15"]
[Round "4"]
[White "Bibilashvili, Lali"]
[Black "Mammadov, Sadig"]
[Result "1/2-1/2"]
[ECO "A16"]
[WhiteElo "1816"]
[BlackElo "2312"]
[Annotator "NA"]
[PlyCount "146"]
[EventDate "2018.07.13"]
[EventType "swiss"]
[EventCountry "GEO"]
[SourceTitle "playchess.com"]
[Source "ChessBase"]
[SourceQuality "1"]
[TimeControl "40/5400+30:1800+30"]

1. c4 Nf6 2. Nc3 g6 3. g3 Bg7 4. Bg2 O-O 5. e3 c5 6. Nge2 Nc6 7. O-O d6 8. d4 cxd4 9. exd4 Bf5 10. a3 Qc8 {[%emt 0:02:34] E61: King's Indian: Early deviations for White, including Smyslov System} (10... Qd7 11. Re1 {½-½ (11) Smistik,M (2335)-Blahynka,M (2098) Czechia 2012}) 11. b4 $146 ({Predecessor:} 11. Be3 Bh3 12. Nf4 Bxg2 13. Kxg2 Ng4 14. Nfd5 Nxe3+ 15. fxe3 e6 16. Nf6+ Bxf6 17. Rxf6 Ne7 18. Qd3 {½-½ (53) Czygan,D (1720)-Sieberg,R (2004) Dortmund 2006}) 11... Bh3 12. Bb2 Bxg2 13. Kxg2 Rd8 14. Rc1 Qf5 15. Qc2 Qxc2 16. Rxc2 d5 17. b5 Na5 18. c5 e6 19. Bc1 Rac8 20. Bf4 Ne8 21. Na4 Nc4 22. Ra2 b6 23. Rc1 e5 24. Bg5 f6 25. Be3 Nc7 26. Rb1 Ne6 27. c6 a6 28. bxa6 Rxc6 29. Nac3 Nc7 30. a7 Kf7 31. a4 Ra8 32. Nb5 Nxb5 33. axb5 Rc7 34. Rba1 Bf8 35. Ra6 Bb4 36. dxe5 fxe5 37. Bxb6 Rb7 38. Be3 d4 39. Nxd4 Nxe3+ 40. fxe3 exd4 41. exd4 Bc3 42. R1a4 Rxb5 43. Kf3 Ke7 44. Rc4 Ba5 45. Rcc6 Bd8 46. h4 Kd7 47. Rc2 Rb7 48. Rca2 Rb3+ 49. Kg4 Rb4 50. R2a4 Rb5 51. Kf3 Bc7 52. g4 Bb6 53. Ke4 Re8+ 54. Kd3 Ra8 55. Kc4 Rb1 56. h5 g5 57. Ra2 Kc7 58. Rf2 Kb7 59. Ra3 Rc8+ 60. Kd5 Rd8+ 61. Ke6 Re1+ 62. Kf7 Rd7+ 63. Kf8 Rd8+ $2 64. Kf7 Rd7+ 65. Kf8 {Lieber} Bxa7 $19 66. Rf7 Rxf7+ 67. Kxf7 Bxd4 68. Ra5 Be5 69. Kg8 Kc6 70. Kxh7 Kd6 71. Kg6 Bf4 72. h6 Re6+ 73. Kh5 $11 Re1 1/2-1/2

[Event "13th Poti Nana Aleksandria Cup"]
[Site "Poti"]
[Date "2018.07.16"]
[Round "5"]
[White "Sattarov, Bobir"]
[Black "Eynullayev, Altay"]
[Result "1-0"]
[ECO "C00"]
[WhiteElo "2328"]
[BlackElo "2134"]
[Annotator "NA"]
[PlyCount "122"]
[EventDate "2018.07.13"]
[EventType "swiss"]
[EventCountry "GEO"]
[SourceTitle "playchess.com"]
[Source "ChessBase"]
[SourceQuality "1"]
[TimeControl "40/5400+30:1800+30"]

1. e4 e6 2. f4 d5 3. e5 c5 4. Nf3 Nc6 5. c3 Nge7 6. Na3 Nf5 7. Nc2 {[%emt 0:00:35] C00: French: Unusual White 2nd moves} d4 (7... h5 8. Bd3 g6 9. O-O Be7 10. Bxf5 gxf5 11. d4 h4 12. dxc5 Bxc5+ 13. Be3 Be7 14. h3 b6 {1-0 (30) Nakamura,H (2775)-Seirawan,Y (2643) Saint Louis 2012}) 8. Bd3 Be7 9. Qe2 {[%emt 0:00:14] LiveBook: 3 Partien} h5 10. Be4 h4 $146 ({Predecessor:} 10... Qb6 11. b3 Bd7 12. Bb2 dxc3 13. dxc3 O-O-O 14. O-O-O g6 {½-½ (41) Kubala,P (2315)-Obsivac,J (2345) Frydek Mistek 1998}) 11. d3 Qb6 12. c4 Bd7 13. O-O Qc7 14. Bd2 a6 15. Rfc1 Rd8 (15... a5 $11 {remains equal.}) 16. a3 Na5 17. Bxa5 $1 Qxa5 18. b4 Qc7 19. Rcb1 Bc6 20. Rb2 Rd7 (20... b5 $11) 21. Rab1 g6 22. Bxc6 Qxc6 23. b5 axb5 24. Rxb5 Bd8 25. Re1 O-O 26. Nd2 Kg7 27. Ne4 b6 28. g4 hxg3 29. hxg3 Rh8 30. Qg2 Bc7 (30... Qa8 $15) 31. Nf6 Qxg2+ 32. Kxg2 Rdd8 33. Rbb1 g5 34. Rh1 gxf4 35. gxf4 Nh4+ 36. Kg3 Ng6 37. Kf3 Ra8 38. Ke4 Rad8 (38... Rxh1 $11 39. Rxh1 Kf8) 39. Rbg1 (39. a4 $16) 39... Bb8 (39... Rxh1 $14 40. Rxh1 Ne7) 40. a4 Bc7 41. Na3 Ra8 $2 {[%emt 0:10:02] [#]} (41... Rxh1 $14 42. Rxh1 Kf8) 42. Nb5 $1 Bd8 43. Rxh8 Kxh8 44. Rh1+ Kg7 45. Rh7+ Kf8 46. Nd6 Ra7 47. f5 exf5+ 48. Kxf5 Ne7+ 49. Kg5 Ng8 50. Rh8 Bxf6+ 51. exf6 Rxa4 52. Nc8 Ra2 53. Nxb6 Rg2+ 54. Kf5 Ke8 55. Ke5 Rg6 56. Na4 Rg5+ 57. Kd6 Rg6 58. Kc7 Rg5 $18 59. Kc8 Kf8 60. Nb6 Rg6 61. Kd8 Rg7 1-0

[Event "13th Poti Nana Aleksandria Cup"]
[Site "Poti"]
[Date "2018.07.16"]
[Round "5"]
[White "Samadov, Read"]
[Black "Tihonov, Gennady"]
[Result "1-0"]
[ECO "B17"]
[WhiteElo "2037"]
[BlackElo "1845"]
[Annotator "NA RC"]
[PlyCount "169"]
[EventDate "2018.07.13"]
[EventType "swiss"]
[EventCountry "GEO"]
[SourceTitle "playchess.com"]
[Source "ChessBase"]
[SourceQuality "1"]
[TimeControl "40/5400+30:1800+30"]

1. e4 c6 2. d4 d5 3. Nc3 dxe4 4. Nxe4 Nd7 5. Ng5 h6 {[%emt 0:01:52] B17: Caro-Kann: Modern Line (4...Nd7)} (5... Ngf6 6. Bd3 e6 7. N1f3 Bd6 8. Qe2 h6 9. Ne4 Nxe4 10. Qxe4 Qc7 11. O-O b6 12. Qg4 Kf8 13. Re1 c5 14. Qh4 Bb7 15. Be4 Be7 16. Qh3 Bxe4 17. Rxe4 Rd8 18. c3 Qb7 19. Re2 Kg8 {½-½ (75) Duda,J (2707)-Ivanchuk,V (2728) Tbilisi 2017}) 6. Ne6 Qa5+ 7. Bd2 Qb6 8. Nxf8 Nxf8 9. Bc3 Nf6 10. Bd3 Ne6 11. Ne2 O-O 12. O-O Bd7 $146 ({Predecessor:} 12... Rd8 13. Qd2 Qc7 14. Rfe1 Nd5 15. b3 Ng5 16. Bb2 Bg4 17. c4 Bxe2 18. Bxe2 Qf4 19. Rad1 Qxd2 {0-1 (19) Huber,M-Rattay,W IECG email 2002}) 13. Qd2 Qc7 14. Rae1 Rad8 15. Ng3 Rfe8 16. Nf5 Bc8 17. Re3 Nf4 18. Rfe1 Bxf5 19. Bxf5 Rd5 20. Re5 Rxe5 21. Rxe5 N4d5 22. h3 Rd8 23. Qe1 e6 24. Bd3 Nxc3 25. bxc3 Rd5 26. Re3 c5 27. dxc5 Rxc5 28. c4 Ra5 29. Qa1 Qd6 30. Bf1 Rc5 31. Rd3 Qe7 32. Qd1 Rc8 33. Rd6 b6 34. Be2 Nd5 35. Rxd5 exd5 36. cxd5 Re8 37. Bf1 Qd6 38. c4 Rd8 (38... Qb4 $19 {bietet bessere Gewinnchancen.} 39. Be2 Qb2) 39. Qa4 a5 40. g3 Qd7 41. Qb3 Qd6 42. Qe3 Kf8 43. Qe4 Re8 44. Qf5 a4 (44... Re1 $19 45. Qc8+ Ke7 46. Qb7+ Kf6) 45. Qc2 a3 46. Qa4 (46. Qc3 $17 {keeps fighting.}) 46... Rd8 (46... Re1 $19 47. Kg2 g6) 47. Qb3 Ra8 48. Qb1 Kg8 (48... Qf6 $19 49. Qd3 g6) 49. Bg2 (49. Qe4 $17) 49... Ra4 50. Qb5 {[%emt 0:03:40] [#]} Rb4 $1 51. Qe8+ Qf8 52. Qe5 Rxc4 53. d6 Rc1+ 54. Kh2 Rd1 55. Bd5 Rd2 (55... b5 $1 $15) 56. Kg2 $2 (56. d7 $1 $11) 56... Qd8 57. Bxf7+ Kf8 58. Bb3 Qf6 ({But not} 58... Qxd6 $6 59. Qc3 $11) 59. Qe3 Rxd6 60. Ba4 Qe7 61. Qxa3 Rf6 62. Qd3 g6 63. Bb3 Kg7 64. Qd5 Qf8 65. Qd4 Kh7 66. h4 h5 $11 (66... Qd6 $17 67. Qe3 h5) 67. Kg1 Rd6 68. Qe3 Qf6 69. Kg2 Rd8 70. Qe4 Rf8 71. Qe3 Qc6+ 72. Kg1 Re8 73. Qd2 Rc8 74. Qd3 Re8 75. Qd1 Qe4 76. Qd7+ Qe7 77. Qb5 Qd8 78. Qc6 Re7 79. Bc2 Rg7 80. Qf3 Kh8 81. Qf4 Qc8 82. Qh6+ Rh7 83. Qxg6 Rg7 84. Qxh5+ Kg8 85. Bb3+ 1-0

[Event "13th Poti Nana Aleksandria Cup"]
[Site "Poti"]
[Date "2018.07.16"]
[Round "5"]
[White "Gordon, Evgeny"]
[Black "Bibilashvili, Lali"]
[Result "1/2-1/2"]
[ECO "E61"]
[WhiteElo "2016"]
[BlackElo "1816"]
[Annotator "NA RC"]
[PlyCount "139"]
[EventDate "2018.07.13"]
[EventType "swiss"]
[EventCountry "GEO"]
[SourceTitle "playchess.com"]
[Source "ChessBase"]
[SourceQuality "1"]
[TimeControl "40/5400+30:1800+30"]

1. d4 Nf6 2. c4 g6 3. Nc3 Bg7 4. e3 O-O 5. Nf3 d6 6. Be2 Nbd7 7. O-O e5 8. Qc2 c6 9. Rd1 Qc7 {[%emt 0:02:49] E61: King's Indian: Early deviations for White, including Smyslov System} 10. b4 (10. b3 Re8 11. Ba3 exd4 12. Nxd4 Nc5 13. Bf3 Bg4 14. Rac1 Rad8 15. h3 Bxf3 16. Nxf3 a5 17. Bxc5 dxc5 18. Rxd8 Rxd8 {1-0 (72) Ernst,S (2535)-Van Foreest,J (2578) Utrecht 2016}) 10... a5 $146 ({Predecessor:} 10... Re8 11. Bb2 exd4 12. Nxd4 Ne5 13. b5 Bg4 14. Bxg4 Nexg4 15. h3 Ne5 16. Nce2 Rac8 17. bxc6 bxc6 18. Qa4 Nfd7 19. Rac1 Nc5 20. Qa6 {0-1 (20) Sabuk,P (2382)-Brodowski,P (2430) Katowice 2017}) 11. b5 Ne8 (11... exd4 $11 {remains equal.} 12. exd4 Nb6) 12. Bb2 f5 13. Rac1 exd4 14. exd4 Bh6 15. Rb1 Nef6 {[%emt 0:00:06] [#]} (15... Ndf6 $16 16. Qb3 Be6) 16. Bc1 (16. bxc6 $1 $18 bxc6 17. d5) 16... Bg7 17. Ng5 Re8 18. Bf1 h6 19. Nf3 Ne4 20. Nxe4 fxe4 21. Nh4 Nf8 22. g3 g5 23. Ng2 Bg4 24. Be2 Bf5 25. Be3 Qf7 26. bxc6 bxc6 27. Rb6 Qc7 28. Rdb1 Bc8 29. Qa4 Bd7 30. Rb7 Qd8 31. Bh5 Re7 32. Qa3 Be6 33. Be2 Rxb7 34. Rxb7 Qc8 35. Qb2 Nd7 36. Qb1 Bf5 37. h4 gxh4 $2 (37... Bf6 $14) 38. Nxh4 Bh7 39. Bg4 Rb8 40. Rxb8 Qxb8 41. Qxb8+ Nxb8 42. Be6+ Kf8 43. Nf5 Bxf5 44. Bxf5 d5 45. cxd5 cxd5 46. Be6 Nc6 47. Bxd5 Nxd4 48. Bxe4 a4 49. Kg2 Ke7 50. Kh3 Kd6 51. Kg4 Ne2 52. Kh5 a3 53. Bh7 Nc3 54. Bg8 $18 Ne4 55. Kg6 Be5 56. Ba7 Kc6 57. Kf5 Bxg3 58. Kxe4 Bd6 59. Be3 h5 60. Kf5 h4 61. Kg4 Be7 62. f4 Kb5 63. Bf2 Kb4 64. Bxh4 Bd6 65. Bf6 Bf8 66. Kf5 Bd6 67. Be5 Bf8 68. Ke6 Kc4 69. f5 Kd3 70. Bd6 1/2-1/2

[Event "13th Poti Nana Aleksandria Cup"]
[Site "Poti"]
[Date "2018.07.16"]
[Round "5"]
[White "Tsotsonava, Elene"]
[Black "Nikulina, Alena"]
[Result "1/2-1/2"]
[ECO "B29"]
[WhiteElo "1647"]
[BlackElo "1959"]
[Annotator "NA RC"]
[PlyCount "93"]
[EventDate "2018.07.13"]
[EventType "swiss"]
[EventCountry "GEO"]
[SourceTitle "playchess.com"]
[Source "ChessBase"]
[SourceQuality "1"]
[TimeControl "40/5400+30:1800+30"]

1. e4 c5 2. Nf3 Nf6 3. Nc3 Nc6 4. d4 d5 5. exd5 Nxd5 6. Ne4 {[%emt 0:12:23] B29: Sizilianisch (Rubinstein-Variante)} (6. Nxd5 Qxd5 7. Be3 cxd4 8. Nxd4 a6 9. c3 e5 10. Qb3 Qxb3 11. Nxb3 Be6 12. O-O-O f5 13. f3 Kf7 14. Be2 Be7 15. Nc5 Bxc5 16. Bxc5 Rhd8 17. b3 Rxd1+ 18. Rxd1 {1-0 (48) Alekseev,E (2616)-Kantans,T (2484) Katowice 2017}) 6... cxd4 7. Nxd4 e5 8. Nxc6 bxc6 9. Be2 Be7 10. O-O O-O 11. c4 Nb6 $146 ({Vorgänger:} 11... Nb4 12. Qa4 Bf5 13. Rd1 Qc7 {½-½ (52) Briukhovich,A-Babiy,P Kiev 2003}) 12. Be3 f5 13. Nc3 Be6 14. b3 Bf6 15. Qc2 Qc7 16. Rad1 Rad8 17. f3 Qf7 18. Bd3 Be7 19. Rfe1 Nc8 20. Bf2 Bd6 21. Na4 Qh5 (21... Qe7 $14) 22. Bg3 e4 23. Bxd6 Nxd6 24. c5 exd3 25. Rxd3 Ne4 26. Rxd8 Rxd8 27. fxe4 fxe4 28. Qxe4 Bd5 29. Qe7 Rf8 30. Nc3 Qf5 31. Qe3 Bf7 32. Rf1 Qd7 33. Rd1 $16 Qg4 34. Rd4 Qf5 35. Rf4 Qc2 36. Rf2 Qg6 37. Qe4 Qg5 38. Qd4 Rd8 39. Qf4 Qe7 40. Ne4 Bd5 41. Qg5 Qxg5 42. Nxg5 a5 43. Rf4 Rb8 44. Kf2 Rb5 45. Ne4 Bxe4 46. Rxe4 Rxc5 47. Rc4 1/2-1/2

[Event "13th Poti Nana Aleksandria Cup"]
[Site "Poti"]
[Date "2018.07.17"]
[Round "6"]
[White "Hayrapetyan, Hovik"]
[Black "Aliyev, Ravan"]
[Result "1/2-1/2"]
[ECO "E68"]
[WhiteElo "2453"]
[BlackElo "2324"]
[Annotator "RC"]
[PlyCount "114"]
[EventDate "2018.07.13"]
[EventType "swiss"]
[EventCountry "GEO"]
[SourceTitle "playchess.com"]
[Source "ChessBase"]
[SourceQuality "1"]
[TimeControl "40/5400+30:1800+30"]

1. Nf3 Nf6 2. g3 g6 3. Bg2 Bg7 4. O-O O-O 5. c4 d6 6. d4 Nbd7 7. Nc3 e5 8. e4 exd4 9. Nxd4 Re8 10. Re1 a6 11. h3 Rb8 12. Be3 Ne5 13. b3 c5 14. Nde2 b5 15. cxb5 axb5 16. Qc2 b4 17. Na4 Bb7 18. Rad1 Qe7 19. g4 Nxe4 20. Bxe4 Nxg4 21. Bxb7 Nxe3 22. fxe3 Qxe3+ 23. Kg2 Qg5+ 24. Ng3 Rxe1 25. Rxe1 Rxb7 26. Re8+ Bf8 27. Qe4 Re7 28. Rxe7 Bxe7 29. Nb6 Kg7 30. h4 Qxh4 31. Nc8 Qxe4+ 32. Nxe4 Bf8 33. Nexd6 f5 34. Nc4 Kf6 35. N8b6 Ke6 36. a4 bxa3 37. Nxa3 g5 38. Nc2 h5 39. Ne1 g4 40. Nd3 h4 41. Nf4+ Kf7 42. Nd7 Bd6 43. Nd3 h3+ 44. Kg1 Ke6 45. N7xc5+ Kd5 46. Nd7 Ke4 47. Nf2+ Kf3 48. Nxh3 gxh3 49. b4 Ke2 50. b5 f4 51. Nf6 f3 52. Ng4 Bc7 53. Kh1 Bf4 54. b6 Bd6 55. b7 Bb8 56. Nf2 Bc7 57. Nxh3 f2 1/2-1/2

[Event "13th Poti Nana Aleksandria Cup"]
[Site "Poti"]
[Date "2018.07.17"]
[Round "6"]
[White "Mgeladze, Tamaz"]
[Black "Gharagyozyan, Artur"]
[Result "0-1"]
[ECO "A15"]
[WhiteElo "2374"]
[BlackElo "2302"]
[Annotator "NA"]
[PlyCount "115"]
[EventDate "2018.07.13"]
[EventType "swiss"]
[EventCountry "GEO"]
[SourceTitle "playchess.com"]
[Source "ChessBase"]
[SourceQuality "1"]
[TimeControl "40/5400+30:1800+30"]

1. c4 Nf6 2. g3 e5 3. Bg2 Nc6 4. Nf3 d5 5. cxd5 Nxd5 6. Nc3 Be6 7. O-O Be7 8. d4 exd4 9. Nxd4 Nxc3 {[%emt 0:00:07] A29: English Opening: Four Knights Variation with 4 g3} 10. bxc3 Nxd4 11. cxd4 c6 $1 12. e4 O-O {[%emt 0:01:15] LiveBook: 3 Games} (12... Bc4 13. Re1 O-O 14. Bb2 Qb6 15. Qc2 Qa6 16. d5 cxd5 17. exd5 {1-0 (54) Lagno,K (2543)-Golubenko,V (2271) Riga 2017}) 13. Bb2 Qd7 14. d5 cxd5 15. exd5 Bg4 16. Qb3 $146 ({Predecessor:} 16. Qd2 f5 17. f4 {1-0 (42) Clarke,P-Mohsen,T Leipzig 1960}) 16... Rac8 17. Rac1 Bd6 (17... Rfe8 $11) 18. Qe3 b6 19. Rc6 Rfe8 20. Qg5 Bf8 21. Rfc1 h6 22. Qf4 Qf5 23. Qd4 Rcd8 24. d6 Bf3 25. Bxf3 Qxf3 26. d7 Re4 27. Qc3 Qxc3 28. Bxc3 (28. R1xc3 $15 Rd4 29. Rc7) 28... Rxd7 29. Rc8 f6 30. Re1 Rxe1+ 31. Bxe1 Rd1 32. Kf1 Ra1 33. a3 Kf7 ({Weaker is} 33... Rxa3 34. Bb4 $16) 34. Ke2 a5 ({Much less strong is} 34... Bxa3 35. Rc7+ Kg6 36. Rxa7 $17) ({Worse is} 34... Rxa3 {[#]} 35. Rxf8+ $1 Kxf8 36. Bb4+ Ke8 37. Bxa3 $16) 35. Rc6 Ra2+ 36. Kd1 Bc5 37. Bxa5 Rxf2 38. Bxb6 Bxb6 39. Rxb6 Rxh2 40. Rb7+ Kg6 41. Kc1 h5 42. Rb3 h4 43. gxh4 Rxh4 44. Rg3+ Kf7 45. Kb2 g5 46. Kb3 Kg6 47. a4 g4 48. Kc4 Kg5 49. a5 Kf4 50. Rg1 g3 51. a6 Kf3+ 52. Kb5 f5 53. Rb1 f4 54. Kc4 Rh6 55. Ra1 g2 56. a7 Rh8 57. Rb1 Ra8 58. Kd4 0-1

[Event "13th Poti Nana Aleksandria Cup"]
[Site "Poti"]
[Date "2018.07.17"]
[Round "6"]
[White "Chkhaidze, Nikoloz"]
[Black "Gordon, Evgeny"]
[Result "1-0"]
[ECO "D06"]
[WhiteElo "2337"]
[BlackElo "2016"]
[Annotator "ChessBase"]
[PlyCount "85"]
[EventDate "2018.07.13"]
[EventType "swiss"]
[EventCountry "GEO"]
[SourceTitle "playchess.com"]
[Source "ChessBase"]
[SourceQuality "1"]
[TimeControl "40/5400+30:1800+30"]

1. d4 d5 2. c4 c5 3. cxd5 Qxd5 4. Nf3 cxd4 5. Nc3 Qa5 6. Nxd4 Nf6 7. g3 e5 8. Nb3 Qb6 9. Bg2 Bb4 10. O-O a6 11. Be3 Qc7 12. Na4 Nc6 13. a3 Be7 14. Rc1 O-O 15. Qc2 Be6 16. Bb6 Qb8 17. Rfd1 e4 18. Nbc5 Bf5 19. Nxe4 Nxe4 20. Bxe4 Bxe4 21. Qxe4 Qe8 22. Nc3 Bf6 23. Qxe8 Rfxe8 24. e3 Rac8 25. Kg2 h5 26. h3 Re6 27. Na4 Ne7 28. Rxc8+ Nxc8 29. Bd4 Bxd4 30. Rxd4 Rc6 31. Nc3 b5 32. Nd5 Kh7 33. Nb4 Rb6 34. Rd8 Nd6 35. Ra8 Nc4 36. Rxa6 Rxa6 37. Nxa6 Nxb2 38. Nc7 Nc4 39. Nxb5 Kg6 40. a4 Kf5 41. Kf3 Nd2+ 42. Ke2 Nb3 43. Nd4+ 1-0

[Event "13th Poti Nana Aleksandria Cup"]
[Site "Poti"]
[Date "2018.07.17"]
[Round "6"]
[White "Mammadov, Sadig"]
[Black "Tsotsonava, Elene"]
[Result "1/2-1/2"]
[ECO "B33"]
[WhiteElo "2312"]
[BlackElo "1647"]
[Annotator "NA"]
[PlyCount "67"]
[EventDate "2018.07.13"]
[EventType "swiss"]
[EventCountry "GEO"]
[SourceTitle "playchess.com"]
[Source "ChessBase"]
[SourceQuality "1"]
[TimeControl "40/5400+30:1800+30"]

1. e4 c5 2. Nf3 Nc6 3. d4 cxd4 4. Nxd4 Nf6 5. Nc3 e5 6. Ndb5 d6 7. Bg5 a6 8. Na3 b5 9. Nd5 Be7 10. Bxf6 Bxf6 11. c3 O-O 12. Nc2 Bg5 13. a4 bxa4 14. Rxa4 a5 15. Bc4 Rb8 16. b3 Kh8 17. O-O f5 18. exf5 Bxf5 19. Nce3 Bg6 20. Qe2 {[%emt 0:05:04] B33: Sicilian: Pelikan and Sveshnikov Variations} (20. Bd3 Bxd3 21. Qxd3 Bxe3 22. fxe3 Rxf1+ 23. Qxf1 Rxb3 24. Rc4 Rb5 25. Nc7 Rb6 26. Nd5 Rb5 27. e4 Rc5 28. Rxc5 dxc5 {½-½ (41) Kasimdzhanov,R (2696)-Gelfand,B (2751) Tashkent 2012 CBM 152 [Marin,M]}) 20... Qd7 21. Rfa1 e4 22. Bb5 $146 ({Predecessor:} 22. R1a2 Bd8 23. Qd1 Ne5 24. Bf1 Qb7 25. b4 Nd3 26. Bxd3 exd3 27. bxa5 Qb1 {1-0 (36) Varga,D (2304)-Kimerling,M (2072) Banska Stiavnica 2012}) 22... Nd4 23. Rxd4 Qxb5 24. Nc4 Qxb3 25. Ra3 Qb7 26. Rxa5 Ra8 27. Rd1 ({Better is} 27. Rxa8 $14 Qxa8 28. Nxd6) 27... Rxa5 28. Nxa5 Qf7 29. Qe1 Bh5 30. Rd4 Bh4 31. Rd2 Bg5 32. Rd4 $11 Bh4 33. Rd2 Bg5 34. Rd4 1/2-1/2

[Event "13th Poti Nana Aleksandria Cup"]
[Site "Poti"]
[Date "2018.07.17"]
[Round "6"]
[White "Matsenko, Andrei"]
[Black "Mesropian, Khachatur"]
[Result "1-0"]
[ECO "B33"]
[WhiteElo "2299"]
[BlackElo "2128"]
[Annotator "ChessBase"]
[PlyCount "102"]
[EventDate "2018.07.13"]
[EventType "swiss"]
[EventCountry "GEO"]
[SourceTitle "playchess.com"]
[Source "ChessBase"]
[SourceQuality "1"]
[TimeControl "40/5400+30:1800+30"]

1. e4 c5 2. Nf3 Nc6 3. d4 cxd4 4. Nxd4 Nf6 5. Nc3 e5 6. Ndb5 d6 7. Bg5 a6 8. Na3 b5 9. Nd5 Be7 10. Bxf6 Bxf6 11. c4 b4 12. Nc2 a5 13. g3 O-O 14. Bg2 Bg5 15. O-O Ne7 16. Nde3 Bb7 17. Qd3 Qb6 18. Rad1 Rad8 19. h4 Bxe3 20. Nxe3 g6 21. Rd2 f5 22. exf5 Bxg2 23. Kxg2 gxf5 24. Nd5 Qb7 25. Qf3 Kh8 26. Rfd1 f4 27. g4 Nc6 28. g5 Qg7 29. Nf6 Nd4 30. Rxd4 exd4 31. Qxf4 d5 32. Qxd4 Rd6 33. Kf1 Rfxf6 34. gxf6 Qf7 35. cxd5 Kg8 36. Qg4+ Kf8 37. Rc1 Qxf6 38. Rc8+ Rd8 39. Qe6 Qxh4 40. Qd6+ Ke8 41. Qxd8+ Qxd8 42. Rxd8+ Kxd8 43. f4 a4 44. f5 Ke7 45. a3 b3 46. Kg2 Ke8 47. Kh3 Ke7 48. Kh4 Ke8 49. Kh5 Ke7 50. Kh6 Kd6 51. f6 Kxd5 1-0

[Event "13th Poti Nana Aleksandria Cup"]
[Site "Poti"]
[Date "2018.07.17"]
[Round "6"]
[White "Matevosyan, Sedrak"]
[Black "Yeritsyan, Hayk"]
[Result "1/2-1/2"]
[ECO "E97"]
[WhiteElo "2161"]
[BlackElo "2178"]
[Annotator "NA"]
[PlyCount "143"]
[EventDate "2018.07.13"]
[EventType "swiss"]
[EventCountry "GEO"]
[SourceTitle "playchess.com"]
[Source "ChessBase"]
[SourceQuality "1"]
[TimeControl "40/5400+30:1800+30"]

1. Nf3 Nf6 2. c4 g6 3. Nc3 Bg7 4. d4 O-O {[%emt 0:00:09] LiveBook: 11846 Partien} 5. e4 d6 6. Be2 e5 7. O-O Nc6 8. d5 Ne7 9. a4 a5 10. Ne1 Nd7 11. Nd3 f5 12. f3 c5 {[%emt 0:11:32] E97: Königsindisch (Klassisches System)} 13. f4 exf4 14. Nxf4 {[%emt 0:04:31] [#]} Nf6 $146 ({Vorgänger:} 14... Bxc3 15. bxc3 Ne5 16. Nd3 Nf7 17. Bf3 fxe4 18. Bxe4 Bf5 19. Bxf5 Nxf5 20. Nf4 {½-½ (45) Can,E (2542)-Granda Zuniga,J (2685) Sitges 2015}) 15. exf5 Nxf5 16. Nb5 Re8 17. Ra3 Ne4 18. Bg4 Be5 {[%emt 0:14:29] [#]} ({Black should play} 18... Re5 $1 $14) 19. Ne6 $1 Bxe6 20. dxe6 Nd4 {[%emt 0:00:45] [#]} 21. Nxd4 $1 cxd4 (21... Bxd4+ $142 22. Be3 Be5) 22. Qf3 Nf6 23. Bg5 Rf8 24. Bh3 Qc7 25. g3 Kg7 26. Rb3 Rab8 27. Qe2 h6 28. Bc1 Ng8 29. Rbf3 Rxf3 30. Qxf3 Bf6 (30... Nf6 $142) 31. b3 Rf8 32. Bb2 Ne7 33. Qe4 Nc6 34. Rd1 (34. Ba3 $14) 34... Be5 (34... Qb6 $11 35. Rd3 Qc5) 35. Bc1 Qe7 36. Bd2 Rf6 37. Qh4 g5 38. Qg4 Nd8 39. Bxa5 Nxe6 40. Bg2 Nc5 41. h4 Qe6 42. Qxe6 Rxe6 43. Bb6 Bxg3 44. b4 Nxa4 45. Bxd4+ Be5 46. Bxb7 Nc3 47. Bxe5+ dxe5 48. Rd7+ Kf6 49. hxg5+ Kxg5 {[%emt 0:00:08] [#]} 50. Rd3 (50. c5 $1 $16) 50... Ne2+ 51. Kf2 Nd4 52. c5 (52. Rg3+ $16 Kh4 53. b5) 52... Kf4 53. Rh3 Rf6 54. Rc3 e4 55. c6 $11 e3+ 56. Rxe3 Kg4+ 57. Kg2 Nxc6 58. Rg3+ Kh4 59. Rh3+ Kg5 60. Rg3+ Kh4 61. Rc3 Ne5 62. b5 Kg4 63. Bc8+ Kf4 64. Rb3 Rb6 65. Rb4+ Ke3 66. Bf5 Kd2 67. Kg3 Kc3 68. Rb1 Nc4 69. Bd7 Na3 70. Rc1+ Kb4 71. Kf4 Nxb5 72. Rb1+ 1/2-1/2

[Event "13th Poti Nana Aleksandria Cup"]
[Site "Poti"]
[Date "2018.07.17"]
[Round "6"]
[White "Eynullayev, Altay"]
[Black "Pshmahov, Osman"]
[Result "1-0"]
[ECO "B06"]
[WhiteElo "2134"]
[BlackElo "2136"]
[Annotator "NA"]
[PlyCount "89"]
[EventDate "2018.07.13"]
[EventType "swiss"]
[EventCountry "GEO"]
[SourceTitle "playchess.com"]
[Source "ChessBase"]
[SourceQuality "1"]
[TimeControl "40/5400+30:1800+30"]

1. e4 g6 2. d4 Bg7 3. c4 c5 4. d5 d6 5. Nc3 Nf6 6. Be2 O-O 7. Be3 a6 {[%emt 0:00:30] E73: King's Indian: Averbakh Variation without 6...c5} (7... e6 8. Nf3 exd5 9. cxd5 Bg4 10. Nd2 Bxe2 11. Qxe2 Re8 12. f3 Nbd7 13. a4 Qb6 14. Nc4 Qa6 15. Nb5 Ne5 16. Nbxd6 Nxc4 17. Nxc4 Nxd5 18. exd5 {½-½ (61) Buhmann,R (2584)-Fedorov,A (2573) Katowice 2017}) 8. a4 e6 9. Nf3 exd5 10. cxd5 Ng4 11. Bg5 Qb6 12. Qc2 f5 13. a5 $146 ({Predecessor:} 13. Nd2 Ne5 14. f4 Nf7 15. Bh4 Re8 {0-1 (40) Sanson Hernandez,M-Rodriguez,O corr 1994}) 13... Qc7 14. exf5 Bxf5 15. Qd2 Nd7 16. O-O b5 (16... Nde5 $11 {hält das Gleichgewicht.}) 17. axb6 $1 Nxb6 18. Bf4 Nf6 19. Ng5 Nh5 20. Be3 Nf6 21. h3 Qb7 22. Bf4 Nc8 23. Bf3 Rb8 24. Ra2 Re8 25. Ne6 Bxe6 26. dxe6 Qb3 27. Re1 Kh8 28. Qe2 ({Don't take} 28. Bxd6 Nxd6 29. Qxd6 Rb6 $16) 28... Rb4 (28... Ng8 $142 29. Bd5 (29. Rxa6 Qxb2 30. Nd5 Qxe2 $18) 29... Qb6) 29. Ra3 Qxb2 30. Qxb2 Rxb2 31. Bc6 $18 ({But not} 31. Rxa6 $6 Nh5 $16) 31... Re7 32. Rxa6 Nh5 33. Nd5 Bd4 34. Be3 Kg7 35. Ra8 Nb6 36. Nxe7 Nxa8 37. Bxa8 Bxe3 38. Rxe3 Rb8 39. Bc6 Nf6 40. Nd5 Nxd5 41. Bxd5 Kf6 42. Kf1 Ke7 43. Rf3 Rc8 44. Rf7+ Ke8 45. Rxh7 1-0

[Event "13th Poti Nana Aleksandria Cup"]
[Site "Poti"]
[Date "2018.07.17"]
[Round "6"]
[White "Avetisyan, Mariam"]
[Black "Kokaia, Guram"]
[Result "1/2-1/2"]
[ECO "B20"]
[WhiteElo "2051"]
[BlackElo "2159"]
[Annotator "ChessBase"]
[PlyCount "60"]
[EventDate "2018.07.13"]
[EventType "swiss"]
[EventCountry "GEO"]
[SourceTitle "playchess.com"]
[Source "ChessBase"]
[SourceQuality "1"]
[TimeControl "40/5400+30:1800+30"]

1. e4 c5 2. Ne2 g6 3. g3 Bg7 4. Bg2 Nc6 5. c3 e5 6. O-O Nge7 7. d3 O-O 8. Be3 d6 9. Nd2 Be6 10. f4 Qd7 11. Nf3 Rac8 12. Qd2 f6 13. Rfd1 Rfd8 14. Qe1 a5 15. d4 cxd4 16. cxd4 exf4 17. Bxf4 d5 18. e5 fxe5 19. Nxe5 Nxe5 20. Bxe5 Nc6 21. Bxg7 Qxg7 22. Nf4 Bf7 23. Ne6 Bxe6 24. Qxe6+ Kh8 25. Rac1 Rc7 26. Qg4 Rf7 27. Rc3 Rf5 28. Rf3 Rxf3 29. Bxf3 Qf6 30. Bg2 h5 1/2-1/2